 Dungeon Crawl Stone Soup version 0.31.0-32-g396128a36d (webtiles) character file.

Game seed: 7429817743710929443

37 hawla the Slasher (level 3, -2/31 HPs)
             Began as a Minotaur Gladiator on Apr 12, 2024.
             Slain by a goblin
             ... wielding a +0 club
             ... led by Robin
              (4 damage)
             ... on level 2 of the Dungeon.
             The game lasted 00:02:21 (995 turns).

hawla the Slasher (Minotaur Gladiator)               Turns: 995, Time: 00:02:22

Health: -2/31      AC: 10    Str: 18    XL:     3   Next: 23%
Magic:  2/2        EV:  6    Int:  5    God:
Gold:   91         SH:  0    Dex: 13    Spells: 2/2 levels left

rFire   . . .        a - +0 long sword
rCold   . . .        (no shield)
rNeg    . . .        k - +0 plate armour
rPois   .            c - +0 hat
rElec   .            (no cloak)
rCorr   .            (no gloves)
SInv    .            (no boots)
Will    .....        (no amulet) Stlth
                     (no ring)
HPRegen 0.25/turn    (no ring)
MPRegen 0.08/turn

%: no passive effects
@: no status effects
A: horns 2, retaliatory headbutt
a: no special abilities


You were on level 2 of the Dungeon.
You visited 1 branch of the dungeon, and saw 2 of its levels.

You collected 91 gold pieces.

Inventory:

Hand Weapons
 a - a +0 long sword (weapon)
Missiles
 d - 3 throwing nets (quivered)
 e - a javelin
 l - 3 poisoned darts
Armour
 c - a +0 hat (worn)
 k - a +0 plate armour (worn)
Potions
 b - a potion of cancellation
 g - 2 potions of curing {unknown}
 h - a potion of brilliance {unknown}
 j - a potion of degeneration {unknown}


   Skills:
 + Level 3.4 Fighting
 - Level 3.6 Long Blades
 - Level 2.6 Throwing
 - Level 1.3 Armour
 - Level 3.3 Dodging


You had 2 spell levels left.
You didn't know any spells.
Your spell library was empty.

Dungeon Overview and Level Annotations

Branches:
Dungeon (2/15)

Altars:

Annotations:
D:2 Robin


Innate Abilities, Weirdness & Mutations

You have a pair of horns on your head.
You reflexively headbutt those who attack you in melee.


Message History

The goblin hits you with a +0 club. The goblin attacks as it pursues you!
The goblin hits you with a +0 club. The goblin attacks as it pursues you!
The goblin hits you but does no damage.
The goblin no longer looks unusually strong.
The goblin attacks as it pursues you! The goblin hits you but does no damage.
You barely miss the goblin.
Robin flexes a bicep menacingly.
Robin throws the goblin at you! The goblin hits you with a +0 club. x2
You closely miss the goblin.
The hobgoblin no longer looks unusually strong.
Robin roars a battlecry!
The goblins go into a battle-frenzy!
The goblin hits you but does no damage. The goblin hits you with a +0 club.
You slash the goblin!
You kill the goblin!
The goblin no longer looks unusually strong.
Robin throws the goblin at you! The goblin barely misses you.
The goblin hits you with a +0 club.
* * * LOW HITPOINT WARNING * * *
The goblin hits you with a +0 club.
* * * LOW HITPOINT WARNING * * *
The goblin completely misses you. The goblin barely misses you.
As you read the scroll of fear, it crumbles to dust.
You assume a fearsome visage.
Robin looks frightened!
The goblin looks frightened! x2; The hobgoblin looks frightened!
The goblin looks frightened!
The hobgoblin looks frightened!
As you read the scroll labelled LATHU TALAOXT, it dissolves into smoke.
It was a scroll of fog.
The goblin gives up.
Cornered, the goblin turns to fight!
The goblin hits you with a +0 club.
* * * LOW HITPOINT WARNING * * *
The goblin hits you but does no damage. The goblin barely misses you.
You completely miss the goblin. The goblin hits you but does no damage.
The goblin hits you with a +0 club.
* * * LOW HITPOINT WARNING * * *
It was a potion of cancellation.
You feel magically purged.
The goblin hits you but does no damage. x2; The goblin hits you with a +0 club.
You die...

###### .....# ####.##
###...## #### ....#..# #gg##
.##...#####+####@g§#######
.###.##....g....g#§§§§g.g# .#
#.......#####.§§#####)##.#.##
.#
####.##.######§######.......#
####
#.##.............#g##.#..#
...# #)#########.###..ggg #
##.# ##.####### #.# .#.## #.#
#........# #.# ....# #.#
#.<#####.# #.# .. ..#


You could see 5 goblins.

Vanquished Creatures
  2 ball pythons (D:1)
  5 bats
  3 endoplasms (D:1)
  3 giant cockroaches
  7 goblins
  4 hobgoblins (D:1)
  2 quokkas (D:1)
  A frilled lizard (D:1)
  A kobold (D:1)
  3 rats
31 creatures vanquished.

Notes
Turn   | Place    | Note
-------+----------+-------------------------------------------
     0 | D:1      | hawla the Minotaur Gladiator began the quest for the Orb.
     0 | D:1      | Reached XP level 1. HP: 18/18 MP: 0/0
   126 | D:1      | Reached XP level 2. HP: 25/25 MP: 1/1
   326 | D:1      | Reached skill level 1 in Armour
   779 | D:2      | Reached XP level 3. HP: 26/31 MP: 2/2
   972 | D:2      | Noticed Robin
   994 | D:2      | HP: 1/31 [goblin/+0 club[Robin] (4)]
   995 | D:2      | Slain by a goblin

Illustrated notes

Levels and vault maps discovered:
D:1:      minmay_arrival_loop, layout_basic, nrook_uturn
D:2:      kennysheep_six_static_rooms, layout_loops_ring,
          kennysheep_flooded_box, uniq_robin

Skill      XL: |  1  2 |
---------------+-------+-----
Armour         | 1 |  1.3
Fighting       | 3 |  3.4
Long Blades    | |  3.6
Throwing       | |  2.6
Dodging        | |  3.3

Action                     || total
---------------------------++-------
  Melee: Long sword        ||    53
         Headbutt          ||    12
         Punch             ||     1
    Use: Scroll            ||     3
         Potion            ||     1
 Armour: Leather armour    ||    16
         Plate armour      ||    42
  Dodge: Dodged            ||    32
